 Dungeon Crawl Stone Soup version 0.20-a0-537-g052e6ba (webtiles) character file.

1194 Duffy the Covered (level 8, 0/74 HPs)
             Began as a Naga Wanderer on Jan 28, 2017.
             Was an Initiate of Makhleb.
             Slain by Graouh's ghost (3 damage)
             ... on level 3 of the Dungeon.
             The game lasted 00:07:28 (6489 turns).

Duffy the Covered (Naga Wanderer)                   Turns: 6489, Time: 00:07:29

Health: 0/74       AC: 15    Str: 16    XL:     8   Next: 44%
Magic:  9/9        EV:  3    Int: 14    God:    Makhleb [......]
Gold:   202        SH:  0    Dex: 10    Spells: 8/9 levels left

rFire    . . .     SeeInvis +   a - +2 spear
rCold    . . .     Gourm    .   k - +0 plate armour (curse)
rNeg     . . .     Faith    .   (no shield)
rPois    +         Spirit   .   s - +0 helmet
rElec    .         Reflect  .   i - +0 cloak
rCorr    .         Harm     .   h - +0 pair of gloves
MR       +....                  (no barding)
Stlth    ..........             (no amulet)
Regen    0.3/turn               (no ring)
                                r - ring of poison resistance

@: very slow
A: see invisible, deformed body, poison resistance, slowness 2, slow metabolism
1, spit poison 1, AC +2
a: Spit Poison, Renounce Religion


You were on level 3 of the Dungeon.
You worshipped Makhleb.
Makhleb was noncommittal.
You were hungry.

You visited 2 branches of the dungeon, and saw 6 of its levels.

You collected 202 gold pieces.

Inventory:

Hand Weapons
 a - a +2 spear (weapon)
 d - a +0 dagger of holy wrath
 v - a +1 flail of holy wrath
Armour
 h - a +0 pair of gloves (worn)
 i - a +0 cloak (worn)
 k - a cursed +0 plate armour (worn)
 s - a +0 helmet (worn)
Jewellery
 r - a ring of poison resistance (left hand)
Wands
 u - a wand of random effects (25/48)
 y - a wand of polymorph (16/24)
Scrolls
 b - 4 scrolls of teleportation
 e - a scroll of identify
 p - a scroll of recharging
 q - a scroll of enchant weapon {unknown}
 t - a scroll of noise {unknown}
 w - a scroll of enchant armour {unknown}
 A - a scroll of blinking {unknown}
Potions
 l - 2 potions of heal wounds
 n - 2 potions of curing
 x - a potion of cure mutation
 z - 2 potions of cancellation
 B - 3 potions of invisibility
 C - a potion of haste
Books
 c - the Papyrus of Creation

   Spells                             Type                      Level
   a - Summon Butterflies             Summoning                    1
   b - Call Canine Familiar           Summoning                    3
Comestibles
 f - 2 bread rations
 g - 2 royal jellies
 j - 2 fruits
 m - 2 chunks of flesh
 o - a meat ration


   Skills:
 - Level 5.0 Fighting
 - Level 1.0 Throwing
 + Level 7.7 Armour
 - Level 1.0 Dodging
 - Level 1.5 Stealth
 - Level 1.0 Spellcasting
 - Level 1.0 Summonings
   Level 1.0 Translocations


You had 8 spell levels left.
You knew the following spells:

 Your Spells              Type           Power        Failure   Level  Hunger
a - Summon Butterflies    Summ           #.......     100%        1    ##.....


Dungeon Overview and Level Annotations

Branches:
Dungeon (5/15)             Temple (1/1) D:5

Altars:
Ashenzari
Cheibriados
Dithmenos
Elyvilon
Fedhas
Gozag
Hepliaklqana
Kikubaaqudgha
Makhleb
Nemelex Xobeh
Okawaru
Qazlal
Ru
Sif Muna
Trog
Uskayaw
Vehumet
Xom
Yredelemnul
Zin
The Shining One

Shops:
D:4 }

Annotations:
D:3 Graouh's ghost, amateur MiFi; Purgy


Innate Abilities, Weirdness & Mutations

You cannot wear boots.
Your serpentine skin is tough. (AC +2)
You have supernaturally acute eyesight. (SInv)
Armour fits poorly on your strangely shaped body.
Your system is resistant to poisons. (rPois)
You cover ground very slowly.
You have a slow metabolism.
You can spit poison.


Message History

Graouh's ghost hits you!
Attack whom?
Press: ? - help, Dir - move target cursor, f/p - Graouh's ghost
Aim: Graouh's ghost (severely damaged)
You hit Graouh's ghost.
Graouh's ghost is severely damaged.
Graouh's ghost barely misses you.
Attack whom?
Press: ? - help, Dir - move target cursor, f/p - Graouh's ghost
Aim: Graouh's ghost (severely damaged)
You barely miss Graouh's ghost.
Graouh's ghost is severely damaged.
Graouh's ghost hits you but does no damage.
Attack whom?
Press: ? - help, Dir - move target cursor, f/p - Graouh's ghost
Aim: Graouh's ghost (severely damaged)
You hit Graouh's ghost.
Graouh's ghost is almost destroyed.
Graouh's ghost hits you! Graouh's ghost hits you.
You die...

#.....'....#.##......#
#..# #.
#.....######.##......#
#.[###. #.....#
#(####'########.T##..
#.....#
#.####.##.....#..##.#
#######
#...##.##.....'.>##.#
#...##.##.....#####.#
#...##.##...)........
#...##.##......#.....
#...@W.#####..<#.###.
#<.)#### #.###.###.
#...# #......... #####
#########. .


You could see Graouh's ghost.

Vanquished Creatures
  Edmund (D:4)
  An ice beast (D:5)
  An ogre (D:4)
  A phantom (D:5)
  Blork the orc (D:5)
  A scorpion (D:5)
  A crimson imp (D:4)
  A hound (D:4)
  3 jellies
  A bullfrog skeleton (D:5)
  3 orc wizards
  An iguana (D:5)
  Natasha (thrice) (D:3)
  5 worker ants
  Robin (D:3)
  7 adders
  3 gnolls (D:4)
  An ooze (D:1)
  An adder zombie (D:2)
  2 adder skeletons
  2 worms
  2 dart slugs
  A leopard gecko (D:4)
  4 orcs
  6 giant cockroaches
  19 goblins
  9 hobgoblins
  14 jackals
  6 kobolds
  A quokka (D:4)
  7 bats
  3 frilled lizards
  A giant cockroach zombie (D:2)
  A jackal zombie (D:2)
  A leopard gecko skeleton (D:4)
  A quokka skeleton (D:2)
  4 rats
121 creatures vanquished.

Notes
Turn   | Place    | Note
-------+----------+-------------------------------------------
     0 | D:1      | Duffy the Naga Wanderer began the quest for the Orb.
     0 | D:1      | Duffy set off with: a +2 spear, a scroll of teleportation, the Papyrus of Creation, a +0 robe, a bread ration
     0 | D:1      | Reached XP level 1. HP: 22/22 MP: 2/2
     0 | D:1      | Identified the Papyrus of Creation
     2 | D:1      | Learned a level 1 spell: Summon Butterflies
   326 | D:1      | Reached XP level 2. HP: 28/31 MP: 3/3
   665 | D:1      | Reached XP level 3. HP: 26/38 MP: 4/4
   798 | D:1      | Reached skill level 5 in Fighting
  1336 | D:2      | Reached skill level 1 in Armour
  1352 | D:2      | Found an opulent altar of Gozag.
  1353 | D:2      | Found a sparkling altar of Nemelex Xobeh.
  1476 | D:2      | Reached XP level 4. HP: 22/46 MP: 5/5
  1845 | D:2      | Found an iron altar of Okawaru.
  2040 | D:2      | Reached skill level 2 in Armour
  2114 | D:3      | Noticed Robin
  2582 | D:3      | Killed Robin
  2582 | D:3      | Reached XP level 5. HP: 48/52 MP: 6/6
  2626 | D:3      | Found a shattered altar of Ashenzari.
  2627 | D:3      | Noticed Purgy
  2641 | D:4      | Noticed Edmund
  2680 | D:4      | Killed Edmund
  2680 | D:4      | Reached skill level 4 in Armour
  2680 | D:4      | Reached XP level 6. HP: 42/61 MP: 7/7
  3364 | D:3      | Noticed Natasha
  3386 | D:3      | Killed Natasha
  3386 | D:3      | Reached skill level 5 in Armour
  3620 | D:4      | Reached XP level 7. HP: 50/67 MP: 8/8
  3864 | D:4      | Found Eruleint's Gadget Shop.
  4237 | D:5      | Entered Level 5 of the Dungeon
  4765 | D:5      | Noticed Blork the orc
  4790 | D:5      | Killed Blork the orc
  4791 | D:5      | Reached skill level 6 in Armour
  5289 | D:5      | Reached XP level 8. HP: 74/74 MP: 9/9
  5404 | D:5      | Reached skill level 7 in Armour
  6049 | D:5      | Found a staircase to the Ecumenical Temple.
  6062 | Temple   | Entered the Ecumenical Temple
  6069 | Temple   | Became a worshipper of Makhleb the Destroyer
  6184 | D:3      | Found a blossoming altar of Fedhas.
  6184 | D:3      | Found a stormy altar of Qazlal.
  6184 | D:3      | Found a glowing silver altar of Zin.
  6228 | D:3      | Noticed Natasha
  6234 | D:3      | Killed Natasha
  6236 | D:3      | Noticed Natasha
  6242 | D:3      | Killed Natasha
  6418 | D:3      | Noticed Graouh's ghost (amateur MiFi)
  6489 | D:3      | HP: 3/74 [Graouh's ghost (10)]
  6489 | D:3      | Slain by Graouh's ghost

Vault maps used:
D:1:      lightli_arrival_statuegarden, st_stairs_12
D:2:      grunt_temple_overflow_opulence, serial_undead, serial_undead_c,
          serial_undead_d, serial_undead_f, serial_undead_d,
          columned_hall_lemuel, kennysheep_okawaru_gauntlet
D:3:      gammafunk_temple_overflow_forgotten, old_standard_altar, uniq_robin,
          uniq_purgy, uniq_natasha
D:4:      serial_shops, shop, uniq_edmund
D:5:      minmay_temple_entry_statues_fountains, first_bread, minmay_liquid_box,
          uniq_blork_the_orc
Temple:   nicolae_temple_no_exploring_needed

Skill      XL: |  1  2  3  4  5  6  7  8 |
---------------+-------------------------+-----
Fighting       | 5 |  5.0
Armour         | 1 2 4 5 6 7 |  7.7
Throwing       | |  1.0
Dodging        | |  1.0
Stealth        | |  1.5
Spellcasting   | |  1.0
Summonings     | |  1.0
Translocations | |  1.0

Action                   |  1- 3 |  4- 6 |  7- 9 || total
-------------------------+-------+-------+-------++-------
Melee: Spear             |   123 |   184 |   395 ||   702
 Abil: Spit Poison       |     4 |    26 |    15 ||    45
  Use: Scroll            |     1 |     1 |     6 ||     8
 Stab: Sleeping          |     1 |       |       ||     1
  Eat: Chunk             |     1 |     6 |     5 ||    12
       Bread ration      |       |       |     1 ||     1
Armor: Robe              |    13 |       |       ||    13
       Plate armour      |    60 |   152 |   359 ||   571
Dodge: Dodged            |    36 |    19 |    77 ||   132
